 Dungeon Crawl Stone Soup version 0.31-a0-702-gf82c85558f (webtiles) character file.

Game seed: 8722000964887182015

388 qw the Shooter (level 6, -1/38 HPs)
             Began as a Gargoyle Hunter on Sept 7, 2023.
             Was an Initiate of Okawaru.
             Slain by an iguana (7 damage)
             ... on level 4 of the Dungeon.
             The game lasted 00:01:06 (2806 turns).

qw the Shooter (Gargoyle Hunter)                    Turns: 2806, Time: 00:01:07

Health: -1/38      AC:  9    Str: 15    XL:     6   Next: 79%
Magic:  6/6        EV: 11    Int:  9    God:    Okawaru [......]
Gold:   146        SH:  5    Dex: 15    Spells: 5/5 levels left

rFire   + . .        Y - +1 shortbow
rCold   . . .        (shield currently unavailable)
rNeg    + . .        a - +0 troll leather armour
rPois   inf          f - +2 hat {Will+}
rElec   +            (no cloak)
rCorr   .            (no gloves)
SInv    .            (no boots)
Will    +....        g - amulet of reflection
Stlth   ++           b - ring of protection from fire
HPRegen 1.06/turn    (no ring)
MPRegen 0.10/turn

%: reflection
@: no status effects
A: sickness immunity, AC +4, negative energy resistance 1, electricity
resistance, torment resistance 1, petrification resistance
a: Renounce Religion


You were on level 4 of the Dungeon.
You worshipped Okawaru.
Okawaru was noncommittal.
You visited 2 branches of the dungeon, and saw 5 of its levels.

You collected 146 gold pieces.


Innate Abilities, Weirdness & Mutations

You are immune to sickness and miasma.
Your stone body is resilient. (AC +4)
You are immune to poison.
You resist negative energy. (rN+)
You are resistant to electric shocks. (rElec)
You are resistant to unholy torment.
You are immune to petrification.


   Skills:
 - Level 4.0 Fighting
 - Level 7.1 Ranged Weapons
 - Level 1.0 Armour
 + Level 1.5 Dodging
 - Level 1.1 Stealth


You had 5 spell levels left.
You didn't know any spells.
Your spell library was empty.

Inventory:

Hand Weapons
 Y - a +1 shortbow (weapon)
Armour
 a - a +0 troll leather armour (worn)
 f - a +2 hat of willpower (worn)
 i - a +0 leather armour of fire resistance
Jewellery
 b - a ring of protection from fire (left hand)
 g - an amulet of reflection (around neck)
Scrolls
 k - 3 scrolls of vulnerability {unknown}
Potions
 c - a potion of enlightenment
 d - a potion of heal wounds {unknown}
 e - a potion of magic {unknown}
 h - a potion of curing
 j - a potion of haste {unknown}

Dungeon Overview and Level Annotations

Branches:
Dungeon (4/15)             Temple (1/1) D:4

Altars:
Cheibriados
Dithmenos
Elyvilon
Fedhas
Gozag
Kikubaaqudgha
Makhleb
Nemelex Xobeh
Okawaru
Qazlal
Uskayaw
Vehumet
Wu Jian
Xom
Yredelemnul
Zin
The Shining One

Shops:
D:4 :


Message History

The water moccasin bites you!
You shoot an arrow. The arrow misses the water moccasin.
The water moccasin closely misses you. The iguana bites you!
The water moccasin bites you but does no damage.
You shoot an arrow. The arrow hits the water moccasin!
The water moccasin is severely wounded.
The water moccasin bites you but does no damage.
The iguana bites you!
You shoot an arrow. The arrow hits the water moccasin!
The water moccasin is almost dead.
The water moccasin bites you but does no damage.
You block the iguana's attack. The water moccasin bites you.
You shoot an arrow. The arrow hits the water moccasin!
You kill the water moccasin!
Okawaru is honoured by your kill. The iguana misses you.
Your Ranged Weapons skill increases to level 7!
You shoot an arrow. The arrow hits the iguana.
The iguana is moderately wounded.
The iguana bites you but does no damage.
You shoot an arrow. The arrow closely misses the iguana.
The arrow closely misses the hound.
The iguana bites you.
You shoot an arrow. The arrow hits the iguana.
The iguana is moderately wounded.
The iguana bites you! You block the iguana's attack.
You shoot an arrow. The arrow hits the iguana.
The iguana is severely wounded.
The iguana misses you.
You shoot an arrow.
The arrow hits the iguana but does no damage.
The iguana is severely wounded.
The iguana bites you but does no damage.
You shoot an arrow. The arrow hits the iguana.
The iguana is almost dead.
The iguana bites you.
You shoot an arrow. The arrow hits the iguana.
The iguana is almost dead.
The iguana bites you!
You die...

## #. #. ##.### ..
#....######.....
###......@lh.....S
###.......%####.....
....#%....).o.#.....
#.....#.##...S###..
...#....###........
#.....#.# ###..###.
...#..)).# #.... ##
##.##.# #.... ####
#)...# .... ..>##


You could see an iguana and a hound.

Vanquished Creatures
  A water moccasin (D:4)
  A jelly (D:4)
  3 orc priests
  Jessica (D:2)
  Natasha (D:3)
  An orc wizard (D:4)
  An adder (D:2)
  4 dart slugs
  A worm (D:2)
  8 orcs
  2 bats
  5 endoplasms
  2 giant cockroaches
  8 goblins
  7 hobgoblins
  2 jackals (D:1)
  4 kobolds
  7 ball pythons
  3 frilled lizards
  4 rats (D:2)
66 creatures vanquished.

Notes
Turn   | Place    | Note
-------+----------+-------------------------------------------
     0 | D:1      | qw the Gargoyle Hunter began the quest for the Orb.
     0 | D:1      | Reached XP level 1. HP: 12/12 MP: 1/1
     0 | D:1      | 0 ||| qw: Version: 0.3-a-76-g4403597
     0 | D:1      | 0 ||| qw: Game counter: 776
     0 | D:1      | 0 ||| qw: Melee chars always use a shield: true
     0 | D:1      | 0 ||| qw: God list: Okawaru
     0 | D:1      | 0 ||| qw: Allow faded altars: false
     0 | D:1      | 0 ||| qw: Do Orc after clearing Dungeon:15 true
     0 | D:1      | 0 ||| qw: Do second Lair branch before Depths: true
     0 | D:1      | 0 ||| qw: Lair rune preference: random
     0 | D:1      | 0 ||| qw: Goals: Normal
     0 | D:1      | 0 ||| PLANNING D:1-11
   153 | D:1      | Reached XP level 2. HP: 17/17 MP: 2/2
   520 | D:1      | 520 ||| UPGRADING to +0 ring mail.
   530 | D:1      | 530 ||| DROPPING +0 leather armour.
   531 | D:1      | 531 ||| UPGRADING to amulet of reflection.
   536 | D:1      | 536 ||| READING scroll labelled BIROGOHASI.
   548 | D:1      | 548 ||| READING scroll labelled ENOEQU KOOCSEA.
   552 | D:1      | 552 ||| READING scroll labelled BAIVIQ PETYNTA.
   553 | D:1      | 553 ||| READING 3 scrolls labelled QUMUIHIUCS.
   554 | D:1      | 554 ||| DRINKING 2 fuming green potions.
   555 | D:1      | 555 ||| DROPPING scroll of butterflies.
   556 | D:1      | 556 ||| DROPPING 2 scrolls of immolation.
   615 | D:2      | 615 ||| FLEEEEING.
   629 | D:2      | 629 ||| FLEEEEING.
   633 | D:2      | 633 ||| FLEEEEING.
   766 | D:2      | Reached skill level 1 in Armour
   870 | D:2      | Reached XP level 3. HP: 21/21 MP: 3/3
   900 | D:2      | Reached skill level 5 in Ranged Weapons
  1334 | D:2      | Found a hide-covered altar of Uskayaw.
  1415 | D:2      | 1415 ||| UPGRADING to +1 hat of willpower.
  1420 | D:2      | 1420 ||| UPGRADING to ring of protection from fire.
  1421 | D:2      | 1421 ||| READING scroll labelled AGRELO VA HONUYCE.
  1422 | D:2      | 1422 ||| READING scroll labelled JUOXKA VIGRE.
  1423 | D:2      | 1423 ||| READING scroll labelled BAXTAO NUGY.
  1587 | D:2      | Noticed Jessica
  1595 | D:2      | Killed Jessica
  1596 | D:2      | Reached skill level 3 in Fighting
  1596 | D:2      | Reached XP level 4. HP: 28/28 MP: 4/4
  1748 | D:3      | Found a faded altar of an unknown god.
  1754 | D:3      | Found a basalt altar of Yredelemnul.
  1814 | D:3      | Reached XP level 5. HP: 28/32 MP: 5/5
  1846 | D:3      | Found an opulent altar of Gozag.
  1889 | D:3      | Found a white marble altar of Elyvilon.
  2301 | D:3      | 2301 ||| READING scroll of enchant armour.
  2301 | D:3      | 2301 ||| ENCHANTING +1 hat of willpower.
  2318 | D:3      | Noticed Natasha
  2327 | D:3      | 2327 ||| Stepping ~*~*~tactically~*~*~ (retreating).
  2328 | D:3      | 2328 ||| Stepping ~*~*~tactically~*~*~ (retreating).
  2329 | D:3      | 2329 ||| Stepping ~*~*~tactically~*~*~ (retreating).
  2330 | D:3      | 2330 ||| Stepping ~*~*~tactically~*~*~ (retreating).
  2331 | D:3      | 2331 ||| Stepping ~*~*~tactically~*~*~ (retreating).
  2332 | D:3      | Killed Natasha
  2333 | D:3      | Reached skill level 6 in Ranged Weapons
  2431 | D:3      | 2431 ||| UPGRADING to +0 troll leather armour.
  2441 | D:3      | 2441 ||| DROPPING +0 ring mail.
  2442 | D:3      | 2442 ||| DRINKING 2 lumpy orange potions.
  2514 | D:4      | Found a staircase to the Ecumenical Temple.
  2515 | D:4      | 2515 ||| PLANNING TEMPLE
  2524 | Temple   | Entered the Ecumenical Temple
  2525 | Temple   | 2525 ||| PLANNING OKAWARU WORSHIP
  2537 | Temple   | Became a worshipper of Warmaster Okawaru
  2538 | Temple   | 2538 ||| PLANNING D:1-11
  2610 | D:4      | Found Dallum's Tiny Tomes.
  2674 | D:4      | 2674 ||| FLEEEEING.
  2675 | D:4      | 2675 ||| FLEEEEING.
  2682 | D:4      | 2682 ||| FLEEEEING.
  2686 | D:4      | Reached XP level 6. HP: 38/38 MP: 6/6
  2704 | D:4      | 2704 ||| DRINKING 2 potions of curing.
  2704 | D:4      | 2704 ||| (to cure confusion)
  2784 | D:4      | Noticed a water moccasin
  2785 | D:4      | 2785 ||| RETREATING.
  2799 | D:4      | Killed a water moccasin
  2800 | D:4      | Reached skill level 7 in Ranged Weapons
  2802 | D:4      | HP: 4/38 [iguana (8)]
  2806 | D:4      | Slain by an iguana

Levels and vault maps discovered:
D:1:      evilmike_arrival_plus, layout_loops_ring
D:2:      layout_basic, basic_altar, hex_large, uniq_jessica
D:3:      layout_basic, yredelemnul_altar_generic,
          nicolae_elyvilon_peaceful_grove, mainiacjoe_overflow_alcove_2,
          chequers_ecumenical_altar_simple, uniq_natasha
D:4:      layout_rooms, minmay_temple_entry_stoned_glass, minmay_misc_feat_five,
          nicolae_shop_i_like_small_books_too
Temple:   dpeg_chambers_temple

Skill      XL: |  1  2  3  4  5  6 |
---------------+-------------------+-----
Armour         | 1 |  1.0
Ranged Weapons | 5 6 7 |  7.1
Fighting       | 3 4 |  4.0
Dodging        | |  1.5
Stealth        | |  1.1

Action                     |  1- 3 |  4- 6 || total
---------------------------+-------+-------++-------
   Fire: Shortbow          |   122 |   119 ||   241
    Use: Scroll            |     7 |     1 ||     8
         Potion            |     1 |     2 ||     3
 Armour: Leather armour    |    15 |       ||    15
         Ring mail         |    14 |     9 ||    23
         Troll leather arm |       |    38 ||    38
  Dodge: Dodged            |    23 |    12 ||    35
  Block: Other             |     6 |     8 ||    14

Table legend:
 A = Non-vault XP
 B = Vault XP
 C = Vault XP percentage of total XP
 D = Non-vault monster count
 E = Vault monster count
 F = Vault count percentage of total count
                 A         B        C        D         E       F
            +---------+---------+-------+---------+---------+-------
      Total |     483 |      72 |  13.0 |      64 |       2 |   3.0
            +---------+---------+-------+---------+---------+-------
        D:1 |      23 |       0 |   0.0 |      11 |       0 |   0.0
        D:2 |      52 |      37 |  41.6 |      22 |       1 |   4.3
        D:3 |     108 |      35 |  24.5 |      13 |       1 |   7.1
        D:4 |     300 |       0 |   0.0 |      18 |       0 |   0.0
            +---------+---------+-------+---------+---------+-------
